 Dungeon Crawl Stone Soup version 0.31.0-12-g77e489cdc1 (webtiles) character file.

Game seed: 14418904362163047662

67 Gadfly the Apothecary (level 3, 0/19 HPs)
             Began as a Deep Elf Alchemist on Feb 23, 2024.
             Slain by an orc wizard
             ... wielding a +0 dagger
              (1 damage)
             ... on level 3 of the Dungeon.
             The game lasted 00:04:14 (1996 turns).

Gadfly the Apothecary (Deep Elf Alchemist)          Turns: 1996, Time: 00:04:14

Health: 0/19       AC:  3    Str:  5    XL:     3   Next: 98%
Magic:  8/10       EV: 13    Int: 21    God:
Gold:   107        SH:  0    Dex: 15    Spells: 6/9 levels left

rFire   . . .        c - +0 dagger
rCold   . . .        (no shield)
rNeg    . . .        a - +0 robe
rPois   .            (no helmet)
rElec   .            (no cloak)
rCorr   .            (no gloves)
SInv    .            j - +0 pair of boots
Will    +....        g - amulet of reflection
Stlth   +            (no ring)
HPRegen 0.00/turn    (no ring)
MPRegen 0.12/turn

%: reflection
@: confused, inhibited regen
A: strong-willed 1, inhibited regeneration, teleportitis 1
a: no special abilities


You were on level 3 of the Dungeon.
You visited 1 branch of the dungeon, and saw 3 of its levels.

You collected 107 gold pieces.

Inventory:

Hand Weapons
 c - a +0 dagger (weapon)
Armour
 a - a +0 robe (worn)
 j - a +0 pair of boots (worn)
Jewellery
 g - an amulet of reflection (around neck)
 l - a ring of fire
Wands
 i - a wand of flame (19)
Potions
 b - a potion of magic
 e - a potion of haste {unknown}
 h - a potion of degeneration {unknown}


   Skills:
 * Level 0.2 Fighting
 + Level 3.1 Dodging
 - Level 3.1 Stealth
 + Level 3.7 Spellcasting
 + Level 1.9 Conjurations
 + Level 3.8 Alchemy
 * Level 0.5 Evocations


You had 6 spell levels left.
You knew the following spells:

 Your Spells              Type           Power      Damage    Failure   Level
a - Sting                 Conj/Alch      64%        1d7       3%          1
b - Mercury Vapours       Alch/Air       22%        N/A       9%          2

Your spell library contained the following spells:

 Spells                   Type           Power      Damage    Failure   Level
 Slow                     Hex            12%        N/A       12%         1
 Mephitic Cloud           Conj/Alch/Air  12%        N/A       17%         3
 Olgreb's Toxic Radiance  Alch           19%        N/A       26%         4
 Confusing Touch          Hex            3%         N/A       36%         3
 Sigil of Binding         Hex            3%         N/A       36%         3
 Vampiric Draining        Necr           3%         2d6       36%         3
 Sticky Flame             Fire/Alch      11%        2d5       50%         4


Dungeon Overview and Level Annotations

Branches:
Dungeon (3/15)

Altars:
Okawaru

Shops:
D:1 [


Innate Abilities, Weirdness & Mutations

You are strong-willed. (Will+)
You do not regenerate when monsters are visible.
You are occasionally teleported next to monsters.


Message History

The orc is moderately wounded.
The orc wizard casts a spell.
The orc wizard flickers and vanishes!
Deactivating autopickup; reactivate with Ctrl-A.
The sting misses the orc.
The orc hits you with a +0 mace!
You are too injured to fight recklessly!
You are too injured to fight recklessly!
You are too injured to fight recklessly!
You are too injured to fight recklessly!
Unknown command.
Found a scroll labelled GOON YMALIQEF.
You kill the orc!
Something hits you but does no damage.
You hear some strange, mumbled words.
You are confused.
You bump into the rock wall.
Something hits you.
* * * LOW HITPOINT WARNING * * *
You hear some strange, mumbled words.
You are more confused.
An orc comes into view. It is wielding a +0 dagger.
It was a potion of mutation.
You feel extremely strange.
You feel strong-willed.
You feel weirdly uncertain.
Your regeneration stops near monsters.
You're too confused to cast spells.
You bump into the stone wall.
The orc shouts!
You hear a shout!
Something hits you.
* * * LOW HITPOINT WARNING * * *
You hear a shout!
You closely miss something. Something hits you but does no damage.
You bump into the stone wall.
Something hits you.
* * * LOW HITPOINT WARNING * * *
Okay, then.
Okay, then.
Okay, then.
You're too confused to move!
Something hits you but does no damage.
An orc comes into view. It is wielding a +0 hand axe.
You bump into the stone wall.
Something hits you.
You die...

##.......# ....#.....#...#
.'.......#.._..#.._..#...#
##.......#.....#.....#...#
##.......##....##⌠(⌠##†..#
###.......##....#####....# #
#........##... ##.....# #
#.......8.##. ##.8....# #
#..........#####.......##.## #
#...........oo@.o..........#
###...........######...).##..#
.##......... ........)# .#
........... ..$..........
....#### #####......... ....#
#.####.#.?# ....## #+# .#..#
.....## .# .# ........


You could see 3 orcs.

Vanquished Creatures
  2 adders
  2 orcs (D:3)
  2 ball pythons
  6 bats
  An endoplasm (D:2)
  A giant cockroach (D:3)
  4 goblins
  3 hobgoblins
  8 jackals
  4 quokkas
  2 kobolds
  8 rats
43 creatures vanquished.

Notes
Turn   | Place    | Note
-------+----------+-------------------------------------------
     0 | D:1      | Gadfly the Deep Elf Alchemist began the quest for the Orb.
     0 | D:1      | Reached XP level 1. HP: 10/10 MP: 6/6
   289 | D:1      | Found Umoss's Armour Emporium.
   327 | D:1      | Reached XP level 2. HP: 15/15 MP: 4/8
   330 | D:1      | Learned a level 2 spell: Mercury Vapours
  1041 | D:2      | Reached XP level 3. HP: 19/19 MP: 3/9
  1558 | D:2      | Learned a level 3 spell: Confusing Touch
  1932 | D:3      | Found a faded altar of an unknown god.
  1937 | D:3      | Found an iron altar of Okawaru.
  1990 | D:3      | Gained mutation: You are strong-willed. (Will+) [potion of
                  | mutation]
  1990 | D:3      | Gained mutation: You are occasionally teleported next to
                  | monsters. [potion of mutation]
  1990 | D:3      | Gained mutation: You do not regenerate when monsters are
                  | visible. [potion of mutation]
  1996 | D:3      | Slain by an orc wizard

Illustrated notes

Levels and vault maps discovered:
D:1:      psy_arrival_radial01, layout_loops_ring, serial_shops,
          nicolae_shop_hallway_stairs
D:2:      layout_rooms
D:3:      layout_basic, nicolae_overflow_ecumenical_swirl,
          chequers_ecumenical_altar_simple_redux

Skill      XL: |  1  2  3 |
---------------+----------+-----
Stealth        | 3 |  3.1
Dodging        | 3 |  3.1
Fighting       | |  0.2
Spellcasting   | |  3.7
Conjurations   | |  1.9
Alchemy        | |  3.8
Evocations     | |  0.5

Action                     || total
---------------------------++-------
  Melee: Dagger            ||    35
         Lajatang          ||    10
   Cast: Sting             ||    50
         Mercury Vapours   ||     3
    Use: Scroll            ||     2
         Potion            ||     1
   Stab: Sleeping          ||     2
 Armour: Robe              ||    46
  Dodge: Dodged            ||    41
  Block: Other             ||    13
         Reflection        ||     1
